 Dungeon Crawl Stone Soup version 0.16.2-2-g470672f (webtiles) character file.

61 monobi the Magician (level 4, -4/27 HPs)
             Began as an Octopode Wanderer on Sept 4, 2015.
             Killed from afar by Robin (9 damage)
             ... with a wand of frost
             ... on level 2 of the Dungeon.
             The game lasted 00:05:04 (1454 turns).

monobi the Magician (Octopode Wanderer)             Turns: 1454, Time: 00:05:12

Health: -4/27      AC:  6    Str: 15    XL:     4   Next: 7%
Magic:  11/13      EV: 11    Int: 17    God:
Gold:   35         SH:  0    Dex: 10    Spells: 1 memorised, 12 levels left

rFire  . . .     SeeInvis .     f - +0 short sword (protect)
rCold  . . .     Clarity  +     (no shield)
rNeg   . . .     SustAb   .     (helmet restricted)
rPois  .         Gourm    .     o - amulet of clarity
rElec  .         Spirit   .     (no ring)
rCorr  .         Warding  .     (no ring)
rMut   .         Stasis   .     (no ring)
MR     .....                    (no ring)
Stlth  +++.......               (no ring)
                                (no ring)
                                (no ring)
                                (no ring)

@: brilliant, not resistant to hostile enchantments, fairly stealthy
A: almost no armour, amphibious, 8 rings, constrict 8, camouflage 1, gelatinous
body 1
a: no special abilities


You were on level 2 of the Dungeon.
You were not hungry.

You visited 1 branch of the dungeon, and saw 2 of its levels.

You collected 35 gold pieces.

Inventory:

Hand weapons
 e - a +0 club
 f - a +0 short sword of protection (weapon)
 h - a +0 dagger of speed
Jewellery
 o - an amulet of clarity (around mantle)
Magical devices
 c - a wand of random effects (15)
Scrolls
 j - a scroll of recharging {unknown}
Potions
 i - a potion of agility {unknown}
 k - a potion of mutation {unknown}
 l - a potion of brilliance
 m - 2 potions of restore abilities {unknown}
 n - a potion of haste {unknown}
Books
 a - a book of Minor Magic

   Spells                             Type                      Level
   a - Magic Dart                     Conjuration                  1
   b - Blink                          Translocation                2
   c - Call Imp                       Summoning                    2
   d - Repel Missiles                 Charms/Air                   2
   e - Slow                           Hexes                        2
   f - Conjure Flame                  Conjuration/Fire             3
   g - Mephitic Cloud                 Conjuration/Poison/Air       3
 b - the Papyrus of the Traveller

   Spells                             Type                      Level
   a - Apportation                    Translocation                1
   b - Recall                         Summoning/Translocation      3
Comestibles
 d - 4 fruits
 g - 2 beef jerkies


   Skills:
 * Level 0.8 Fighting
 * Level 2.7 Stealth
 + Level 5.6 Spellcasting
   Level 2.0 Summonings
 * Level 0.8 Translocations
   Level 1.0 Earth Magic
 + Level 1.1 Evocations


You had 12 spell levels left.
You knew the following spells:

 Your Spells              Type           Power        Failure   Level  Hunger
a - Blink                 Tloc           N/A          2%          2    #......


Dungeon Overview and Level Annotations

Branches:
Dungeon (2/15)

Altars:

Annotations:
D:2 Robin


Innate Abilities, Weirdness & Mutations

You cannot wear most types of armour.
You are amphibious.
You can wear up to eight rings at the same time.
You can use your tentacles to constrict many enemies at once.
Your skin changes colour to match your surroundings (Stealth).
Your rubbery body absorbs attacks (AC +1).


Message History

You kill the goblin!
You constrict the adder. The adder misses you.
The hobgoblin hits you but does no damage.
The adder closely misses you.
You closely miss the hobgoblin. Your grab misses the hobgoblin.
You constrict the adder. The hobgoblin misses you. The adder misses you.
You closely miss the hobgoblin. Your grab misses the hobgoblin.
You constrict the adder. The adder completely misses you.
The hobgoblin hits you but does no damage.
Robin throws the goblin at you!
* * * LOW HITPOINT WARNING * * *
The goblin completely misses you. The adder misses you.
The hobgoblin barely misses you.
Casting: Blink
Confirm with . or Enter, or press ? or * to list all spells.
You blink.
You lose your grip on the adder.
Robin roars a battlecry!
The goblins go into a battle-frenzy!
Robin zaps a wand.
The puff of frost hits you!
You die...

... .(. ... #..........
..... . #.........
#.#.# #.#.........
#.#.# ..
#.#........####.#.##.>
##.....................
...........#........#
#....##g##S#....###
#..@..gsg§g##....###
#........g.#####÷......
...##....?### ##..#..##
. #.#...# #......#
..#.... #......##
#..#..... ##.<...... #.
#......##........# ..
#.)... #..........
#........÷.......#


You could see Robin, an adder, a giant cockroach, 2 hobgoblins and 2 goblins.

Vanquished Creatures
  An adder (D:2)
  A giant mite (D:1)
  A giant gecko (D:1)
  6 giant cockroaches (D:1)
  11 goblins
  7 hobgoblins
  2 kobolds (D:1)
  2 quokkas
  A bat (D:1)
  3 giant newts (D:1)
  8 rats (D:1)
43 creatures vanquished.

Notes
Turn   | Place    | Note
--------------------------------------------------------------
     0 | D:1      | monobi, the Octopode Wanderer, began the quest for the Orb.
     0 | D:1      | monobi set off with: a book of Minor Magic, the Papyrus of the Traveller, a wand of random effects (15), a +0 club, a bread ration
     0 | D:1      | Reached XP level 1. HP: 11/11 MP: 7/7
     0 | D:1      | Identified the Papyrus of the Traveller
    76 | D:1      | Reached XP level 2. HP: 7/17 MP: 9/9
    97 | D:1      | Learned a level 2 spell: Blink
   412 | D:1      | Reached XP level 3. HP: 18/21 MP: 11/11
  1437 | D:2      | Noticed Robin
  1438 | D:2      | Reached XP level 4. HP: 27/27 MP: 13/13
  1454 | D:2      | Killed from afar by Robin

Action                   |  1- 3 |  4- 6 || total
-------------------------+-------+-------++-------
Melee: Club              |    13 |       ||    13
       Dagger            |    59 |       ||    59
       Short sword       |     7 |    12 ||    19
 Cast: Blink             |       |     1 ||     1
  Use: Potion            |     2 |     1 ||     3
       Scroll            |     1 |       ||     1
 Stab: Sleeping          |     7 |       ||     7
       Distracted        |     1 |       ||     1
  Eat: Bread ration      |     1 |       ||     1
